Map: Data-C

Players

海绵宝宝 (Coffee) - Winner!

  • Race: Terran Terran
  • League: Master
  • Spawn Location: 3:00

iGXY (XY)

  • Race: Terran Terran
  • League: Master
  • Spawn Location: 9:00

Event: DreamHack SC2 Masters 2022 Atlanta (Online)

VOD

Have the link to the VOD?

Description

Time

  • Played on: Oct. 5, 2022, 8:50 a.m.
  • Length: 7:21

All games in this series

Show
View Real Time Build Order
Export as new Build Order

海绵宝宝 Terran - Winner!

Build Orders: Cyclone Opening 

Get SALT Encoding   

  12  0:00  SCV  
  13  0:12  SCV  
  14  0:17  Supply Depot  
  14  0:24  SCV  
  15  0:38  SCV  
  15  0:40  Barracks  
  16  0:43  Refinery  
  16  0:50  SCV  
  16  0:53  Refinery  
  17  1:02  SCV  
  18  1:15  SCV  
  19  1:27  Reaper, Orbital Command  
  20  1:32  Supply Depot  
  20  1:43  Factory  
  20  1:53  SCV  
  21  1:59  Reaper  
  22  2:05  SCV  
  23  2:17  Command Center  
  23  2:20  SCV  
  24  2:26  Factory Tech Lab  
  24  2:31  Barracks Reactor, Supply Depot  
  24  2:34  SCV  
  25  2:46  Cyclone, SCV  
  29  2:58  SCV  
  30  3:09  Marine x2, Starport  
  30  3:12  SCV  
  31  3:21  Cyclone  
  31  3:24  SCV  
  35  3:29  Orbital Command  
  35  3:31  Refinery  
  35  3:36  Marine x2  
  35  3:38  SCV  
  38  3:45  Medivac  
  40  3:53  SCV, Marine  
  40  3:54  Marine  
  40  3:55  SCV  
  44  4:02  Siege Tank  
  47  4:05  SCV  
  47  4:06  Supply Depot  
  47  4:09  SCV  
  49  4:12  Marine x2  
  50  4:17  SCV  
  50  4:18  Starport Tech Lab  
  50  4:22  Supply Depot  
  51  4:33  Marine x2  
  53  4:40  Siege Tank  
  53  4:43  SCV  
  53  4:45  Raven  
  58  4:54  SCV  
  58  4:55  SCV, Marine x2  
  58  4:58  Command Center  
  61  5:08  SCV  
  61  5:13  Siege Tank, Marine x2  
  67  5:15  SCV  
  67  5:17  Supply Depot, Refinery  
  67  5:20  SCV  
  60  5:36  SCV x2  
  60  5:38  Raven  
  64  5:45  Barracks  
  64  5:47  Siege Tank  
  64  5:48  SCV x2, Barracks  
  69  5:53  Marine  
  69  5:54  Marine  
  71  6:00  SCV  
  71  6:05  SCV  
  71  6:07  Supply Depot  
  72  6:11  Marine x2  
  72  6:12  SCV  
  75  6:24  Siege Tank  
  79  6:27  Orbital Command  
  78  6:36  Barracks Reactor x2  
  78  6:37  SCV x2  
  79  6:41  Viking x2  
  81  6:47  Marine  
  81  6:50  SCV x2  
Show
View Real Time Build Order
Export as new Build Order

iGXY Terran 

Build Orders:  

Get SALT Encoding   

  12  0:00  SCV  
  13  0:12  SCV  
  14  0:17  Supply Depot  
  14  0:24  SCV  
  15  0:38  SCV  
  15  0:40  Barracks  
  16  0:45  Refinery  
  16  0:50  SCV  
  16  0:52  Refinery  
  17  1:02  SCV  
  18  1:15  SCV  
  19  1:27  Reaper, Orbital Command  
  19  1:29  Supply Depot  
  20  1:43  Factory  
  20  1:52  SCV  
  21  1:59  Barracks Reactor  
  21  2:04  SCV  
  22  2:17  SCV  
  23  2:24  Command Center  
  23  2:29  Hellion  
  25  2:31  SCV  
  25  2:36  Reaper  
  25  2:37  Reaper  
  28  2:43  Supply Depot  
  28  2:51  Starport  
  28  2:57  Hellion  
  29  3:01  SCV  
  29  3:13  SCV  
  29  3:14  Marine x2  
  29  3:19  Factory Tech Lab  
  30  3:25  SCV  
  31  3:37  SCV  
  31  3:38  Siege Tank  
  31  3:39  Medivac  
  37  3:47  Orbital Command  
  37  3:50  Marine  
  37  3:51  Marine  
  37  3:55  SCV  
  40  4:03  Refinery  
  40  4:10  Siege Tank  
  43  4:20  Viking  
  43  4:23  Viking  
  47  4:29  SCV  
  46  4:36  Marine  
  45  4:41  SCV  
  41  4:53  Marine  
  41  4:54  Viking x2  
  45  5:03  SCV  
  45  5:05  Siege Tank  
  49  5:11  Marine  
  47  5:16  SCV x2  
  47  5:18  Supply Depot  
  49  5:24  Viking  
  49  5:28  SCV x2  
  53  5:29  Marine  
  46  5:37  Siege Tank  
  46  5:40  SCV x2  
  48  5:43  Viking  
  48  5:47  Marine  
  51  5:52  SCV x2  
  51  5:54  Viking  
  55  6:04  SCV  
  55  6:05  SCV, Marine  
  55  6:07  Supply Depot  
  55  6:09  Siege Tank  
  61  6:21  Supply Depot  
  61  6:22  Marine  
  62  6:29  Viking x2  
  62  6:31  SCV  
  67  6:33  SCV  
  67  6:34  Supply Depot  
  68  6:40  Marine  
  68  6:45  Siege Tank  
  68  6:46  SCV  
  70  6:49  SCV  
  70  6:52  Supply Depot  
  71  6:58  SCV, Marine  
  68  7:01  SCV  
Tags
 
Add a new tag
Caveats
  • Supply blocks, unpowered buildings, or Contaminate may cause inaccurate times.
  • Supply counts are checked every 10 seconds.